 Dungeon Crawl Stone Soup version 0.25-a0-942-g87a53962fc (webtiles) character file.

Game seed: 2994095960529534002, levelgen mode: deterministic

723 kae the Frost Mage (level 7, -8/46 HPs)
             Began as a Merfolk Ice Elementalist on May 6, 2020.
             Mangled by a hell rat (14 damage)
             ... on level 5 of the Dungeon.
             The game lasted 00:04:54 (6069 turns).

kae the Frost Mage (Merfolk Ice Elementalist)       Turns: 6069, Time: 00:04:55

Health: -8/46      AC:  3    Str: 10    XL:     7   Next: 71%
Magic:  10/14      EV: 13    Int: 15    God:
Gold:   270        SH:  0    Dex: 14    Spells: 11/15 levels left

rFire    . . .     SeeInvis .   s - +0 dagger (venom)
rCold    . . .     Gourm    .   (no shield)
rNeg     . . .     Faith    .   a - +0 robe
rPois    .         Spirit   .   q - +0 hat
rElec    .         Reflect  .   (no cloak)
rCorr    .         Harm     .   (no gloves)
MR       .....                  g - +0 pair of boots
Stlth    ++........             (no amulet)
HPRegen  0.15/turn              (no ring)
MPRegen  0.14/turn              (no ring)

@: frozen ramparts, lightly drained
A: change form in water, swift swim, stealthy swim
a: no special abilities


You were on level 5 of the Dungeon.
You were not hungry.

You visited 1 branch of the dungeon, and saw 5 of its levels.
You also visited: Sewer.

You collected 270 gold pieces.

Inventory:

Hand Weapons
 s - a +0 dagger of venom (weapon)
 u - a +0 halberd
Armour
 a - a +0 robe (worn)
 g - a +0 pair of boots (worn)
 q - a +0 hat (worn)
Scrolls
 b - 2 scrolls of magic mapping
 d - 7 scrolls of teleportation
 j - 3 scrolls of fear
 m - a scroll of enchant weapon
 r - a scroll of blinking
 v - a scroll of fog
 w - a scroll of noise {unknown}
 x - a scroll of identify
 y - a scroll of remove curse
Potions
 e - a potion of berserk rage
 f - a potion of mutation {unknown}
 h - a potion of stabbing
 i - 3 potions of flight
 k - 3 potions of might {unknown}
 l - a potion of curing {unknown}
 n - 2 potions of lignification {unknown}
 o - 6 potions of heal wounds
 p - 5 potions of magic {unknown}
 t - a potion of brilliance {unknown}
Comestibles
 c - 13 rations


   Skills:
 - Level 2.6(2.5) Dodging
 - Level 2.1(2.0) Stealth
 + Level 4.7(4.6) Spellcasting
 * Level 8.6(8.5) Ice Magic


You had 11 spell levels left.
You knew the following spells:

 Your Spells              Type           Power        Failure   Level  Hunger
a - Freeze                Ice            ####         1%          1    None
b - Frozen Ramparts       Ice            ####..       1%          3    ###....

Your spell library contained the following spells:

 Spells                   Type           Power        Failure   Level  Hunger
 Ozocubu's Armour         Chrm/Ice       ###.....     9%          3    ###....
 Hailstorm                Conj/Ice       ###.....     28%         4    ####...
 Summon Ice Beast         Ice/Summ       ###.....     28%         4    ####...


Dungeon Overview and Level Annotations

Branches:
Dungeon (5/15)              Sewer (visited)
 Temple: D:4-7

Altars:
Ashenzari
Trog
Uskayaw
The Shining One

Annotations:
D:3 exclusion: upstairs, Robin
D:4 Dowan, Duvessa
D:5 Blork the orc


Message History

You are too injured to fight recklessly!
You are too injured to fight recklessly!
You are too injured to fight recklessly!
You are too injured to fight recklessly!
You are too injured to fight recklessly!
You are too injured to fight recklessly!
You barely miss the hell rat.
The hell rat is moderately wounded.
The wall freezes the hell rat.
You kill the hell rat!
The wall freezes the hell rat.
The hell rat bites you!!
* * * LOW HITPOINT WARNING * * *
The wall freezes the hell rat.
You hit the hell rat.
You kill the hell rat!
The wall freezes the hell rat.
The wall freezes the rat.
You hit the hell rat but do no damage.
The hell rat is poisoned.
The hell rat is heavily wounded.
The wall freezes the hell rat.
The hell rat bites you!
You die...

.........###.###.
.r.##.## ##.
.............##..#..r
##.# #..
.[........#####.#rr
#.# ##.. ..........#
#†.# ##.# ##...
..........# #r.# #.##
##...# ........###
#†.# ##.###...##
......### #r##
#.##....... ....###
#r## ##.#.####...
..### ##@# ##.## ##.<
..# #.####.## ###
#..# ##†##.## # #...
##.#.# #.. #.#.##
#####


You could see a hell rat, a river rat and a rat.

Vanquished Creatures
  A centaur (D:5)
  2 big kobolds (Sewer)
  2 crimson imps (D:5)
  Jessica (D:3)
  Natasha (thrice) (D:4)
  Terence (D:3)
  2 hell rats (D:5)
  A worker ant (D:4)
  7 gnolls
  8 adders
  A river rat (Sewer)
  An ooze (D:2)
  An adder skeleton (D:4)
  2 worms
  3 dart slugs
  A leopard gecko (D:4)
  An orc (D:4)
  5 giant cockroaches
  9 goblins
  5 hobgoblins
  4 jackals (D:1)
  4 quokkas
  2 ball pythons
  6 bats
  6 frilled lizards
  10 kobolds
  A quokka skeleton (D:5)
  13 rats
103 creatures vanquished.

Notes
Turn   | Place    | Note
-------+----------+-------------------------------------------
     0 | D:1      | kae the Merfolk Ice Elementalist began the quest for the
                  | Orb.
     0 | D:1      | Reached XP level 1. HP: 13/13 MP: 3/3
   381 | D:1      | Reached XP level 2. HP: 19/19 MP: 3/5
   903 | D:1      | Reached skill level 5 in Ice Magic
   924 | D:1      | Reached XP level 3. HP: 12/24 MP: 0/6
  1072 | D:1      | Learned a level 3 spell: Frozen Ramparts
  2369 | D:3      | Noticed Robin
  2458 | D:3      | Reached XP level 4. HP: 30/30 MP: 4/8
  2551 | D:3      | Found a hide-covered altar of Uskayaw.
  2580 | D:3      | Noticed Jessica
  2585 | D:3      | Killed Jessica
  2618 | D:3      | Found a glowing golden altar of the Shining One.
  2711 | D:3      | Noticed Terence
  2717 | D:3      | Killed Terence
  2717 | D:3      | Reached skill level 6 in Ice Magic
  2717 | D:3      | Reached XP level 5. HP: 24/35 MP: 3/9
  3274 | D:4      | Noticed Natasha
  3274 | D:4      | Noticed Dowan
  3277 | D:4      | Killed Natasha
  3282 | D:4      | Noticed Duvessa
  3429 | D:4      | Noticed Natasha
  3437 | D:4      | Killed Natasha
  3521 | D:4      | Found a glowing drain.
  3552 | Sewer    | Entered a sewer
  3747 | Sewer    | Noticed a big kobold
  3760 | Sewer    | Killed a big kobold
  3760 | Sewer    | Reached skill level 7 in Ice Magic
  3760 | Sewer    | Reached XP level 6. HP: 23/41 MP: 8/11
  4626 | D:4      | Noticed Natasha
  4634 | D:4      | Killed Natasha
  4634 | D:4      | Reached XP level 7. HP: 30/46 MP: 8/13
  4772 | D:4      | Found a shattered altar of Ashenzari.
  4895 | D:4      | Found a bloodstained altar of Trog.
  5240 | D:5      | Entered Level 5 of the Dungeon
  5483 | D:5      | Noticed Blork the orc
  5648 | D:5      | Reached skill level 8 in Ice Magic
  6069 | D:5      | Mangled by a hell rat

Levels and vault maps discovered:
D:1:      dpeg_arrival_arbitrary_b, layout_basic
D:2:      kennysheep_big_flooded_room, layout_basic, first_ration
D:3:      minmay_evil_eye, layout_basic, nicolae_overflow_hidden_temple,
          uniq_jessica, uniq_robin, uniq_terence
D:4:      layout_cave_pools, nicolae_overflow_crystal_walls,
          portal_sewer_entry_d, evilmike_ruin_ashenzari, uniq_natasha,
          uniq_duvessa
D:5:      wander_guarded_unrand_ratskin, layout_cave_pods,
          grunt_dithmenos_smoke, uniq_blork_the_orc

Skill      XL: |  1  2  3  4  5  6  7 |
---------------+----------------------+-----
Ice Magic      | 5 6 7 8 |  8.6
Spellcasting   | 3 4 |  4.7
Dodging        | |  2.6
Stealth        | |  2.1

Action                   |  1- 3 |  4- 6 |  7- 9 || total
-------------------------+-------+-------+-------++-------
Melee: Unarmed           |    52 |     2 |       ||    54
       Dagger            |       |    42 |    47 ||    89
       Tailslap          |       |     2 |       ||     2
 Cast: Freeze            |    59 |    58 |    25 ||   142
       Frozen Ramparts   |       |     1 |     4 ||     5
  Use: Scroll            |    11 |       |       ||    11
 Stab: Sleeping          |     2 |     2 |     3 ||     7
  Eat: Chunk             |     5 |     7 |     2 ||    14
       Ration            |       |       |     1 ||     1
Armor: Robe              |    21 |    11 |    11 ||    43
Dodge: Dodged            |    68 |    69 |    54 ||   191

Table legend:
 A = Non-vault XP
 B = Vault XP
 C = Vault XP percentage of total XP
 D = Non-vault monster count
 E = Vault monster count
 F = Vault count percentage of total count
                 A         B        C        D         E       F
            +---------+---------+-------+---------+---------+-------
      Total |     543 |     490 |  47.4 |      62 |      41 |  39.8
            +---------+---------+-------+---------+---------+-------
        D:1 |      39 |       0 |   0.0 |      23 |       0 |   0.0
        D:2 |      18 |       6 |  25.0 |       7 |       2 |  22.2
        D:3 |      28 |      88 |  75.9 |       9 |       9 |  50.0
        D:4 |     163 |      49 |  23.1 |      13 |       2 |  13.3
        D:5 |     295 |      74 |  20.1 |      10 |      10 |  50.0
      Sewer |       0 |     273 | 100.0 |       0 |      18 | 100.0
            +---------+---------+-------+---------+---------+-------
